PCL
SAN JOSE MISSIONS @ MEXICO CITY CERVECEROS
08/09/2028
 
TOP OF THE 1ST
San Jose Missions batting - Pitching for Mexico City Cerveceros : RHP Darryl Carter
Pitching: RHP Darryl Carter
Batting: RHB Chang-geun Kim 0-0: Fly out, F8 (Flyball, 8RXD)
Batting: RHB Bobby Brewster 0-0: Ground out 4-3 (Groundball, 4)
Batting: LHB Chris Austin 0-0: Swinging Strike
0-1: Ball
1-1: Ball
2-1: Fly out, F9 (Flyball, 89D)
Top of the 1st over - 0 run(s), 0 hit(s), 0 error(s), 0 left on base; San Jose 0 - Mexico City 0
BOTTOM OF THE 1ST
Mexico City Cerveceros batting - Pitching for San Jose Missions : RHP Francisco Arellano
Pitching: RHP Francisco Arellano
Batting: SHB George Adams 0-0: Called Strike
0-1: Foul Ball, location: 2F
0-2: Ground out 6-3 (Groundball, 6)
Batting: RHB Murai Ishihara 0-0: Foul Ball, location: 2F
0-1: Foul Ball, location: 2F
0-2: Ball
1-2: SINGLE (Groundball, 4D)
Batting: RHB Hamilton Holbrook 0-0: Ball
1-0: Ball
2-0: SINGLE (Groundball, 5D)
Murai Ishihara to second
Batting: LHB Eduardo Gómez 0-0: Called Strike
0-1: Ball
1-1: Called Strike
Murai Ishihara is caught stealing 3rd base
Hamilton Holbrook to second
1-2: SINGLE (Line Drive, 4)
Hamilton Holbrook to third
Runner from 3rd tries for Home, SAFE, no throw
Batting: LHB John Nicholson 0-0: Fielders Choice at 2nd, 4-6 (Groundball, 4)
Bottom of the 1st over - 1 run(s), 3 hit(s), 0 error(s), 0 left on base; San Jose 0 - Mexico City 1
TOP OF THE 2ND
San Jose Missions batting - Pitching for Mexico City Cerveceros : RHP Darryl Carter
Batting: RHB Dale Taylor 0-0: Swinging Strike
0-1: Hit by Pitch
Batting: LHB Alan McGilroy 0-0: Ball
1-0: Ball
2-0: Ball
3-0: Called Strike
3-1: Foul Ball, location: 2F
3-2: Base on Balls
Dale Taylor to second
Batting: RHB Naomichi Aoki 0-0: Swinging Strike
0-1: Ball
1-1: Called Strike
1-2: Strikes out swinging
Batting: RHB Ed Starr 0-0: Foul Ball, location: 2F
0-1: Ball
1-1: Foul Ball, location: 2F
1-2: Grounds into double play, 5-4-3 (Groundball, 5)
Top of the 2nd over - 0 run(s), 0 hit(s), 0 error(s), 1 left on base; San Jose 0 - Mexico City 1
BOTTOM OF THE 2ND
Mexico City Cerveceros batting - Pitching for San Jose Missions : RHP Francisco Arellano
Batting: RHB Robert Johnson 0-0: Ball
1-0: Ball
2-0: Swinging Strike
2-1: Swinging Strike
2-2: Foul Ball, location: 2F
2-2: Strikes out swinging
Batting: LHB Michael Barrett 0-0: Foul Ball, location: 2F
0-1: Ground out U3 (Groundball, 3L)
Batting: RHB John Dinkins 0-0: Called Strike
0-1: Fly out, F8 (Flyball, 8RM)
Bottom of the 2nd over - 0 run(s), 0 hit(s), 0 error(s), 0 left on base; San Jose 0 - Mexico City 1
TOP OF THE 3RD
San Jose Missions batting - Pitching for Mexico City Cerveceros : RHP Darryl Carter
Batting: RHB Glenn Johnson 0-0: Called Strike
0-1: Fly out, F8 (Flyball, 8LD)
Batting: RHB Miguel Mendoza 0-0: Called Strike
0-1: Ball
1-1: Ball
2-1: Foul Ball, location: 2F
2-2: Foul Ball, location: 2F
2-2: Strikes out swinging
Batting: RHB Chang-geun Kim 0-0: Ball
1-0: Foul Ball, location: 2F
1-1: Swinging Strike
1-2: SINGLE (Flyball, 8RS)
Batting: RHB Bobby Brewster 0-0: Ball
1-0: Called Strike
1-1: Ball
2-1: Swinging Strike
2-2: Foul Ball, location: 2F
2-2: Strikes out swinging
Top of the 3rd over - 0 run(s), 1 hit(s), 0 error(s), 1 left on base; San Jose 0 - Mexico City 1
BOTTOM OF THE 3RD
Mexico City Cerveceros batting - Pitching for San Jose Missions : RHP Francisco Arellano
Batting: RHB Henning Huisman 0-0: Called Strike
0-1: Called Strike
0-2: Foul Ball, location: 2F
0-2: Ball
1-2: Ball
2-2: Strikes out swinging
Batting: SHB George Adams 0-0: Fly out, F7 (Flyball, 7LMF)
Batting: RHB Murai Ishihara 0-0: Ball
1-0: Ball
2-0: Ball
3-0: Called Strike
3-1: Called Strike
3-2: Foul Ball, location: 2F
3-2: Fly out, F8 (Flyball, 8RD)
Bottom of the 3rd over - 0 run(s), 0 hit(s), 0 error(s), 0 left on base; San Jose 0 - Mexico City 1
TOP OF THE 4TH
San Jose Missions batting - Pitching for Mexico City Cerveceros : RHP Darryl Carter
Batting: LHB Chris Austin 0-0: Called Strike
0-1: Ball
1-1: Called Strike
1-2: Ball
2-2: Ball
3-2: Base on Balls
Batting: RHB Dale Taylor 0-0: Called Strike
0-1: Grounds into double play, 5-4-3 (Groundball, 5L)
Batting: LHB Alan McGilroy 0-0: Called Strike
0-1: Ball
1-1: DOUBLE (Line Drive, 9LM)
Batting: RHB Naomichi Aoki 0-0: Called Strike
0-1: Swinging Strike
0-2: Ball
1-2: Strikes out swinging
Top of the 4th over - 0 run(s), 1 hit(s), 0 error(s), 1 left on base; San Jose 0 - Mexico City 1
BOTTOM OF THE 4TH
Mexico City Cerveceros batting - Pitching for San Jose Missions : RHP Francisco Arellano
Batting: RHB Hamilton Holbrook 0-0: Ball
1-0: Ball
2-0: Foul Ball, location: 2F
2-1: Foul Ball, location: 2F
2-2: Fly out, F5 (Popup, 5L)
Batting: LHB Eduardo Gómez 0-0: Ball
1-0: Ball
2-0: Fly out, F7 (Flyball, 7)
Batting: LHB John Nicholson 0-0: Ball
1-0: DOUBLE (Groundball, 5L)
Batting: RHB Robert Johnson 0-0: Ball
1-0: Foul Ball, location: 2F
1-1: SINGLE (Groundball, 6MD)
John Nicholson to third
Runner from 3rd tries for Home, SAFE, no throw
Batting: LHB Michael Barrett 0-0: Swinging Strike
0-1: Ball
1-1: Ball
2-1: Called Strike
2-2: Ball
3-2: Foul Ball, location: 2F
3-2: Ground out 4-3 (Groundball, 34D)
Bottom of the 4th over - 1 run(s), 2 hit(s), 0 error(s), 1 left on base; San Jose 0 - Mexico City 2
TOP OF THE 5TH
San Jose Missions batting - Pitching for Mexico City Cerveceros : RHP Darryl Carter
Batting: RHB Ed Starr 0-0: Ball
1-0: Ball
2-0: Ball
3-0: Called Strike
3-1: Foul Ball, location: 2F
3-2: Foul Ball, location: 2F
3-2: SINGLE (Groundball, 34D)
Batting: RHB Glenn Johnson 0-0: Ball
1-0: Called Strike
Ed Starr steals 2nd base
1-1: Called Strike
1-2: Strikes out swinging
Batting: RHB Miguel Mendoza 0-0: Called Strike
0-1: Swinging Strike
0-2: Foul Ball, location: 2F
0-2: Ball
1-2: Strikes out swinging
Batting: RHB Chang-geun Kim 0-0: Ball
1-0: DOUBLE (Groundball, 5L)
Ed Starr scores
Batting: RHB Bobby Brewster 0-0: Ball
1-0: Foul Ball, location: 2F
1-1: Ball
2-1: Ball
3-1: Foul Ball, location: 2F
3-2: SINGLE (Line Drive, 3)
Chang-geun Kim to third
Chang-geun Kim scores
Batting: LHB Chris Austin 0-0: Ball
1-0: Foul Ball, location: 2F
1-1: Ball
2-1: Called Strike
2-2: Ball
3-2: Base on Balls
Bobby Brewster to second
Pitching: RHP David Sheppard
Batting: RHB Dale Taylor 0-0: Ball
1-0: Foul Ball, location: 2F
1-1: Ball
2-1: Ground out 1-3 (Groundball, 15)
Top of the 5th over - 2 run(s), 3 hit(s), 0 error(s), 2 left on base; San Jose 2 - Mexico City 2
BOTTOM OF THE 5TH
Mexico City Cerveceros batting - Pitching for San Jose Missions : RHP Francisco Arellano
Batting: RHB John Dinkins 0-0: Ball
1-0: Ball
2-0: Called Strike
2-1: Foul Ball, location: 2F
2-2: Foul Ball, location: 2F
2-2: Ground out 6-3 (Groundball, 6)
Batting: RHB Henning Huisman 0-0: Ground out 6-3 (Groundball, 6)
Batting: SHB George Adams 0-0: Called Strike
0-1: Ground out 6-3 (Groundball, 6)
Bottom of the 5th over - 0 run(s), 0 hit(s), 0 error(s), 0 left on base; San Jose 2 - Mexico City 2
TOP OF THE 6TH
San Jose Missions batting - Pitching for Mexico City Cerveceros : RHP David Sheppard
Batting: LHB Alan McGilroy 0-0: Ball
1-0: Ball
2-0: Foul Ball, location: 2F
2-1: SINGLE (Flyball, 9LS)
Batting: RHB Naomichi Aoki 0-0: Called Strike
0-1: Ball
Wild Pitch!
Alan McGilroy to second
1-1: Foul Ball, location: 2F
1-2: Foul Ball, location: 2F
1-2: Ball
2-2: Ball
3-2: Foul Ball, location: 2F
3-2: Fly out, F8 (Flyball, 78M)
Batting: RHB Ed Starr 0-0: Foul Ball, location: 2F
0-1: Ball
1-1: Ball
2-1: Ball
3-1: Foul Ball, location: 2F
3-2: Foul Ball, location: 2F
3-2: Strikes out looking
Batting: RHB Glenn Johnson 0-0: Ball
1-0: Called Strike
1-1: SINGLE (Groundball, 34D)
Alan McGilroy to third
Runner from 3rd tries for Home, SAFE, no throw
Batting: RHB Miguel Mendoza 0-0: Called Strike
0-1: Ball
1-1: Ball
2-1: Fly out, F8 (Line Drive, 8LXD)
Top of the 6th over - 1 run(s), 2 hit(s), 0 error(s), 1 left on base; San Jose 3 - Mexico City 2
BOTTOM OF THE 6TH
Mexico City Cerveceros batting - Pitching for San Jose Missions : RHP Francisco Arellano
Batting: RHB Murai Ishihara 0-0: Swinging Strike
0-1: Ball
1-1: Ball
2-1: Foul Ball, location: 2F
2-2: Foul Ball, location: 2F
2-2: SINGLE (Groundball, 6) (infield hit)
Batting: RHB Hamilton Holbrook 0-0: Ball
1-0: Ball
2-0: Foul Ball, location: 2F
2-1: 2-RUN HOME RUN (Flyball, 7D), Distance : 369 ft
Batting: LHB Eduardo Gómez 0-0: Ball
1-0: Called Strike
1-1: Foul Ball, location: 2F
1-2: Strikes out looking
Batting: LHB John Nicholson 0-0: Ball
1-0: Foul Ball, location: 2F
1-1: Ball
2-1: Ball
3-1: Fly out, F8 (Flyball, 89S)
Batting: RHB Robert Johnson 0-0: Ball
1-0: Called Strike
1-1: Ball
2-1: Foul Ball, location: 2F
2-2: Foul Ball, location: 2F
2-2: Ball
3-2: Ground out 4-3 (Groundball, 4)
Bottom of the 6th over - 2 run(s), 2 hit(s), 0 error(s), 0 left on base; San Jose 3 - Mexico City 4
TOP OF THE 7TH
San Jose Missions batting - Pitching for Mexico City Cerveceros : RHP David Sheppard
Batting: RHB Chang-geun Kim 0-0: Foul Ball, location: 2F
0-1: Ball
1-1: Ball
2-1: Ball
3-1: SOLO HOME RUN (Line Drive, 7D), Distance : 371 ft
Pitching: RHP Tex Perkins
Pinch Hitting: LHB Miguel Montés 0-0: SINGLE (Groundball, 4MD)
Batting: LHB Chris Austin 0-0: Called Strike
0-1: Swinging Strike
0-2: Strikes out swinging
Batting: RHB Dale Taylor 0-0: Foul Ball, location: 2F
0-1: Called Strike
0-2: Ball
1-2: Ball
2-2: Fly out, F8 (Flyball, 8LD)
Runner from 1st tags up, SAFE at 2nd
Batting: LHB Alan McGilroy 0-0: Ball
1-0: Called Strike
1-1: Swinging Strike
1-2: Ball
2-2: Foul Ball, location: 2F
2-2: Strikes out swinging
Top of the 7th over - 1 run(s), 2 hit(s), 0 error(s), 1 left on base; San Jose 4 - Mexico City 4
BOTTOM OF THE 7TH
Mexico City Cerveceros batting - Pitching for San Jose Missions : RHP Francisco Arellano
Pitching: RHP Larry West
Now at SS: Goro Tanabe
Batting: LHB Michael Barrett 0-0: Ball
1-0: Ball
2-0: Foul Ball, location: 2F
2-1: Ground out 5-3 (Groundball, 56)
Pitching: RHP David Bates
Batting: RHB John Dinkins 0-0: Fly out, F9 (Line Drive, 9LS)
Pinch Hitting: LHB Brandon Cummings 0-0: Called Strike
0-1: Ball
1-1: Ball
2-1: SINGLE (Flyball, 89S)
Batting: SHB George Adams 0-0: Called Strike
0-1: Ball
1-1: Called Strike
1-2: Ball
2-2: SINGLE (Line Drive, 4MD)
Brandon Cummings to second
Batting: RHB Murai Ishihara 0-0: Ball
1-0: Ball
2-0: Ball
3-0: Base on Balls
Brandon Cummings to third
George Adams to second
Batting: RHB Hamilton Holbrook 0-0: Foul Ball, location: 2F
0-1: Ball
1-1: Foul Ball, location: 2F
1-2: GRAND SLAM HOME RUN (Flyball, 7LD), Distance : 344 ft
Batting: LHB Eduardo Gómez 0-0: Fly out, F6 (Popup, 6D)
Bottom of the 7th over - 4 run(s), 3 hit(s), 0 error(s), 0 left on base; San Jose 4 - Mexico City 8
TOP OF THE 8TH
San Jose Missions batting - Pitching for Mexico City Cerveceros : RHP Tex Perkins
Now in RF: Brandon Cummings
Batting: RHB Naomichi Aoki 0-0: Swinging Strike
0-1: Called Strike
0-2: Ball
1-2: Strikes out looking
Batting: RHB Ed Starr 0-0: Ball
1-0: Ball
2-0: Swinging Strike
2-1: Ball
3-1: Foul Ball, location: 2F
3-2: Base on Balls
Batting: RHB Glenn Johnson 0-0: Ball
1-0: Foul Ball, location: 2F
1-1: Foul Ball, location: 2F
1-2: Strikes out swinging
Batting: RHB Miguel Mendoza 0-0: Ball
1-0: Ball
2-0: Ball
3-0: Called Strike
3-1: Called Strike
3-2: Foul Ball, location: 2F
3-2: Strikes out swinging
Top of the 8th over - 0 run(s), 0 hit(s), 0 error(s), 1 left on base; San Jose 4 - Mexico City 8
BOTTOM OF THE 8TH
Mexico City Cerveceros batting - Pitching for San Jose Missions : RHP David Bates
Pitching: RHP Rafael Ressureio
Batting: LHB John Nicholson 0-0: Called Strike
0-1: Ball
1-1: Foul Ball, location: 2F
1-2: Foul Ball, location: 2F
1-2: Reached on error, E6 (Groundball, 6)
Batting: RHB Robert Johnson 0-0: Called Strike
0-1: Bunted foul
0-2: Ball
1-2: SINGLE (Line Drive, 4D)
John Nicholson to third
Runner from 3rd tries for Home, SAFE, throw made home
Batting: LHB Michael Barrett 0-0: Ball
1-0: DOUBLE (Line Drive, 89D)
Robert Johnson to third
Batting: RHB John Dinkins 0-0: Called Strike
0-1: Foul Ball, location: 2F
0-2: Ball
1-2: Ball
2-2: Ground out 1-3 (Groundball, P)
Batting: LHB Brandon Cummings 0-0: Called Strike
0-1: Called Strike
0-2: Ball
1-2: Strikes out swinging
Batting: SHB George Adams 0-0: Called Strike
0-1: Ball
1-1: Called Strike
1-2: Strikes out swinging
Bottom of the 8th over - 1 run(s), 2 hit(s), 1 error(s), 2 left on base; San Jose 4 - Mexico City 9
TOP OF THE 9TH
San Jose Missions batting - Pitching for Mexico City Cerveceros : RHP Tex Perkins
Batting: RHB Chang-geun Kim 0-0: Called Strike
0-1: Ground out 6-3 (Groundball, 6)
Batting: RHB Goro Tanabe 0-0: Ball
1-0: Called Strike
1-1: Foul Ball, location: 2F
1-2: Foul Ball, location: 2F
1-2: Ball
2-2: Strikes out swinging
Batting: LHB Chris Austin 0-0: Called Strike
0-1: Ball
1-1: Called Strike
1-2: Strikes out swinging
Top of the 9th over - 0 run(s), 0 hit(s), 0 error(s), 0 left on base; San Jose 4 - Mexico City 9
Tuesday, August 8th, 2017 - OOTP Baseball 17.12 Build 75